 Dungeon Crawl Stone Soup version 0.30-a0-54-g2e61a25929 (webtiles) character file.

Game seed: 16401683332265452266

145 IdlyInterested the Shield-Bearer (level 5, -4/42 HPs)
             Began as a Formicid Fighter on Sept 8, 2022.
             Slain by an iguana (5 damage)
             ... on level 4 of the Dungeon.
             The game lasted 00:04:53 (2660 turns).

IdlyInterested the Shield-Bearer (Formicid Fighter) Turns: 2660, Time: 00:04:54

Health: -4/42      AC:  6    Str: 20    XL:     5   Next: 53%
Magic:  5/5        EV:  9    Int:  8    God:
Gold:   138        SH:  5    Dex: 15    Spells: 4/4 levels left

rFire   . . .      SeeInvis +    a - +0 flail
rCold   . . .      Faith    .    c - +0 buckler
rNeg    . . .      Spirit   .    b - +0 scale mail
rPois   .          Reflect  .    (helmet unavailable)
rElec   .          Harm     .    (no cloak)
rCorr   .          Rampage  .    (no gloves)
Will    +....                    (no boots)
Stlth   ..........               (no amulet)
HPRegen 0.14/turn                q - ring of willpower
MPRegen 0.09/turn                (no ring)

@: mighty
A: permanent stasis, dig shafts and tunnels, antennae 3, four strong arms
a: Dig, Shaft Self


You were on level 4 of the Dungeon.
You visited 1 branch of the dungeon, and saw 4 of its levels.

You collected 138 gold pieces.

Inventory:

Hand Weapons
 a - a +0 flail (weapon)
Missiles
 i - 3 atropa-tipped darts (quivered)
Armour
 b - a +0 scale mail (worn)
 c - a +0 buckler (worn)
Magical Staves
 j - a staff of death
Jewellery
 q - a ring of willpower (left hand)
Scrolls
 e - a scroll of magic mapping {unknown}
 h - 3 scrolls of poison {unknown}
 k - 3 scrolls of identify {unknown}
 l - 2 scrolls of teleportation {unknown}
 m - a scroll of silence {unknown}
 r - a scroll of enchant armour {unknown}
Potions
 f - 2 potions of berserk rage {unknown}
 g - 2 potions of curing {unknown}
 n - 2 potions of lignification {unknown}
 o - 2 potions of heal wounds {unknown}
 p - a potion of mutation {unknown}


   Skills:
 - Level 4.0 Fighting
 * Level 4.1 Maces & Flails
 - Level 3.2 Armour
 + Level 5.1 Shields
 + Level 0.6 Evocations


You had 4 spell levels left.
You didn't know any spells.
Your spell library contained the following spells:

 Spells                   Type           Power      Damage    Failure   Level
 Conjure Flame            Conj/Fire      0%         6-21      99%         3
 Ignite Poison            Fire/Tmut/Pois 0%         N/A       99%         3
 Sticky Flame             Conj/Fire      0%         2d3       100%        4


Dungeon Overview and Level Annotations

Branches:
Dungeon (4/15)
 Temple: D:4-7

Altars:


Innate Abilities, Weirdness & Mutations

You cannot be hasted, slowed, berserked, paralysed or teleported.
You can dig through walls and to a lower floor.
You have a pair of large antennae on your head. (SInv)
Your four strong arms can wield two-handed weapons with a shield.


Message History

You see here a quokka corpse.
There is a stone staircase leading down here.
n - 2 fizzy inky potions (gained 1)
r - a scroll labelled POIHYH NITASH Done exploring.
Done exploring.
Items here: )))) [[[.
There is a stone staircase leading down here.
You climb downwards.
The iguana hisses angrily.
The kobold shouts!
You hear a shout!
Found a stone staircase leading up.
There is a stone staircase leading up here.
The kobold throws a stone.
The stone misses you.
Found 7 stones.
The kobold misses you.
You miss the kobold. You block the kobold's attack.
You miss the kobold. The kobold hits you with a +0 whip.
You thump the kobold!
You kill the kobold!
Things that are here:
a +0 whip; 4 stones The iguana bites you.
You hit the iguana but do no damage. The iguana bites you.
You closely miss the iguana. You block the iguana's attack.
The iguana closely misses you.
You barely miss the iguana. The iguana completely misses you.
You hit the iguana but do no damage. The iguana bites you!
You hit the iguana but do no damage.
The iguana hisses menacingly.
The iguana bites you!
* * * LOW HITPOINT WARNING * * *
You closely miss the iguana. The iguana bites you!
* * * LOW HITPOINT WARNING * * *
You feel very mighty all of a sudden. The iguana bites you.
* * * LOW HITPOINT WARNING * * *
You sock the iguana!
The iguana is severely wounded.
The iguana bites you.
You die...

#.# # #.#.#
#.#.# #
#.#.##.##
#........
#<.....#
#.#.##.# #l# ..
#@# #.#
####.####.<.
#...).......
.......########
#.##(.. ##.# #.
.# ..


You could see an iguana.

Vanquished Creatures
  2 jellies (D:3)
  An adder (D:3)
  A worm (D:2)
  3 dart slugs
  4 orcs (D:3)
  6 bats
  2 endoplasms
  2 giant cockroaches
  11 hobgoblins
  5 jackals (D:1)
  2 quokkas
  3 ball pythons
  3 frilled lizards
  4 goblins
  5 kobolds
  5 rats
59 creatures vanquished.

Notes
Turn   | Place    | Note
-------+----------+-------------------------------------------
     0 | D:1      | IdlyInterested the Formicid Fighter began the quest for the
                  | Orb.
     0 | D:1      | Reached XP level 1. HP: 18/18 MP: 1/1
   165 | D:1      | Reached XP level 2. HP: 14/24 MP: 2/2
   597 | D:1      | Reached XP level 3. HP: 24/29 MP: 3/3
  1499 | D:2      | Found a faded altar of an unknown god.
  1533 | D:2      | Reached XP level 4. HP: 33/37 MP: 4/4
  1912 | D:3      | Reached XP level 5. HP: 34/42 MP: 5/5
  1979 | D:3      | Reached skill level 5 in Shields
  2659 | D:4      | HP: 1/42 [iguana (5)]
  2660 | D:4      | Slain by an iguana

Illustrated notes

Levels and vault maps discovered:
D:1:      kennysheep_arrival_forest, layout_loops_ring,
          dreamdust_mushroom_princess
D:2:      layout_basic, ebering_ecumenical_altar_sacrificial
D:3:      layout_loops_cross
D:4:      layout_loops_cross, nicolae_overflow_hidden_temple,
          corexii_hall_statues_deadend, dk_noncrumbling_4

Skill      XL: |  1  2  3  4  5 |
---------------+----------------+-----
Maces & Flails | 3 4 |  4.1
Fighting       | 4 |  4.0
Shields        | 5 |  5.1
Armour         | |  3.2
Evocations     | |  0.6

Action                   |  1- 3 |  4- 6 || total
-------------------------+-------+-------++-------
Melee: Flail             |   119 |    80 ||   199
  Use: Potion            |       |     1 ||     1
Armor: Scale mail        |    67 |    25 ||    92
Dodge: Dodged            |    60 |    33 ||    93
Block: Buckler           |    40 |    24 ||    64

Table legend: (Time is in decaauts)
 A = Elapsed time spent in this place.
 B = Non-inter-level travel time spent in this place.
 C = Inter-level travel time spent in this place.
 D = Time resting spent in this place.
 E = Time spent auto-exploring this place.
 F = Levels seen in this place.
 G = Mean time per level.
                   A        B        C        D        E       F      G
               +--------+--------+--------+--------+--------+-----+--------+
         Total |   2713 |   2523 |    190 |    408 |   1469 |   4 |  678.2 |
       Dungeon |   2713 |   2523 |    190 |    408 |   1469 |   4 |  678.2 |
               +--------+--------+--------+--------+--------+-----+--------+

Top non-repeatable levels by time:
     D:1: 1318 daAuts
     D:3: 717 daAuts
     D:2: 658 daAuts
     D:4: 19 daAuts
